 Dungeon Crawl Stone Soup version 0.25.1-2-g60ff931df9 (webtiles) character file.

Game seed: 14992205737332308591

46 H0rd4k the Magician (level 3, -1/19 HPs)
             Began as a Deep Elf Wizard on Aug 14, 2020.
             Slain by a leopard gecko (5 damage)
             ... on level 2 of the Dungeon.
             The game lasted 00:01:43 (1256 turns).

H0rd4k the Magician (Deep Elf Wizard)               Turns: 1256, Time: 00:01:44

Health: -1/19      AC:  2    Str:  4    XL:     3   Next: 46%
Magic:  4/12       EV: 13    Int: 29    God:
Gold:   24         SH:  0    Dex: 13    Spells: 4/13 levels left

rFire    . . .     SeeInvis .   g - +2 short sword (venom)
rCold    . . .     Gourm    .   (no shield)
rNeg     . . .     Faith    .   a - +0 robe
rPois    .         Spirit   .   b - +0 hat
rElec    .         Reflect  .   (no cloak)
rCorr    .         Harm     .   (no gloves)
MR       .....                  (no boots)
Stlth    ++........             (no amulet)
HPRegen  0.06/turn              h - +6 ring of intelligence
MPRegen  0.13/turn              (no ring)

@: very slightly contaminated
A: no striking features
a: no special abilities


You were on level 2 of the Dungeon.
You were hungry.

You visited 1 branch of the dungeon, and saw 3 of its levels.

You collected 24 gold pieces.

Inventory:

Hand Weapons
 g - a +2 short sword of venom (weapon)
Armour
 a - a +0 robe (worn)
 b - a +0 hat (worn)
Jewellery
 h - a +6 ring of intelligence (left hand)
Scrolls
 c - a scroll of blinking {unknown}
 e - 3 scrolls of teleportation {unknown}
Potions
 f - a potion of curing {unknown}
 i - a potion of might {unknown}
 j - a potion of flight {unknown}
Comestibles
 d - 3 rations


   Skills:
 + Level 2.7 Dodging
 + Level 2.6 Stealth
 + Level 5.6 Spellcasting
 + Level 2.0 Conjurations
   Level 1.1 Summonings
 + Level 1.1 Translocations


You had 4 spell levels left.
You knew the following spells:

 Your Spells              Type           Power        Failure   Level  Hunger
a - Magic Dart            Conj           ###.         2%          1    None
b - Blink                 Tloc           N/A          5%          2    None
c - Conjure Flame         Conj/Fire      ##......     12%         3    None
d - Mephitic Cloud        Conj/Pois/Air  ##......     13%         3    None

Your spell library contained the following spells:

 Spells                   Type           Power        Failure   Level  Hunger
 Call Imp                 Summ           ##......     5%          2    None
 Slow                     Hex            #.......     9%          2    None


Dungeon Overview and Level Annotations

Branches:
Dungeon (3/15)

Altars:
Cheibriados


Message History

There is a stone staircase leading down here.
Casting: Magic Dart (safe; 2% risk of failure)
Confirm with . or Enter, or press ? or * to list all spells.
Aiming: Magic Dart (safe; 2% risk of failure)
Press: ? - help, Shift-Dir - straight line, f - jackal
Aim: a jackal The magic dart hits the jackal.
The jackal is almost dead.
The jackal bites you.
The jackal bites you but does no damage.
The leopard gecko bites you.
The jackal bites you but does no damage.
The goblin closely misses you. The jackal closely misses you.
The jackal bites you.
You completely miss the leopard gecko. The jackal barely misses you.
The leopard gecko bites you.
* * * LOW HITPOINT WARNING * * *
The jackal closely misses you. The goblin misses you. The jackal misses you.
The leopard gecko bites you.
You die...

######### ..##....#
........# #.#....##
.........#####.†......
.................#.####
..............#... ..
..........####.....#
.......)..# #..#.####
..........# #hg.....#
..........# #@h.....###
..........####hl...)....
######.###...l......#
#..##.##.......#
##.............####
#.#######........#######
#.# ### #.....##........
#.#######..#####........
#...'_'....# #........


You could see a leopard gecko, 3 jackals, a goblin and a frilled lizard.

Vanquished Creatures
  An adder (D:2)
  A worm (D:2)
  2 dart slugs (D:1)
  4 bats (D:1)
  A giant cockroach (D:1)
  6 goblins
  A hobgoblin (D:1)
  3 jackals
  5 kobolds
  A ball python (D:1)
  3 frilled lizards
  3 rats
31 creatures vanquished.

Notes
Turn   | Place    | Note
-------+----------+-------------------------------------------
     0 | D:1      | H0rd4k the Deep Elf Wizard began the quest for the Orb.
     0 | D:1      | Reached XP level 1. HP: 10/10 MP: 7/7
   174 | D:1      | Reached skill level 5 in Spellcasting
   174 | D:1      | Reached XP level 2. HP: 15/15 MP: 7/10
   804 | D:1      | Reached XP level 3. HP: 19/19 MP: 0/11
   808 | D:1      | Learned a level 2 spell: Blink
   812 | D:1      | Learned a level 3 spell: Conjure Flame
   816 | D:1      | Learned a level 3 spell: Mephitic Cloud
  1155 | D:2      | Found a snail-covered altar of Cheibriados.
  1256 | D:2      | Slain by a leopard gecko

Illustrated notes

Levels and vault maps discovered:
D:1:      scummos_arrival_hexagon, layout_rooms
D:2:      layout_rooms, lemuel_doored_altar, marbit_many_paths,
          evilmike_ruin_ashenzari, uniq_sigmund, uniq_jessica
D:3:      cheibrodos_old_hovel, layout_basic, okawaru_ov_weapons_minmay,
          minitemple, first_ration, uniq_grinder

Skill      XL: |  1  2  3 |
---------------+----------+-----
Spellcasting   | 5 |  5.6
Conjurations   | 2 |  2.0
Dodging        | |  2.7
Stealth        | |  2.6
Summonings     | |  1.1
Translocations | |  1.1

Action                   || total
-------------------------++-------
Melee: Short sword       ||     2
 Cast: Magic Dart        ||    91
Armor: Robe              ||     7
Dodge: Dodged            ||    29
